 Dungeon Crawl Stone Soup version 0.26-a0-466-g989023bd0d (webtiles) character file.

Game seed: 11439637440530037221

23175 Apogee the Fighter (level 13, 0/125 HPs)
             Began as a Hill Orc Berserker on Aug 6, 2020.
             Was a High Priest of Trog.
             Killed by nerve-wracking pain
             ... invoked by an orc high priest
              (11 damage)
             ... on level 2 of the Orcish Mines.
             The game lasted 00:20:50 (17627 turns).

Apogee the Fighter (Hill Orc Berserker)            Turns: 17627, Time: 00:20:50

Health: 0/125      AC: 20    Str: 25    XL:     13   Next: 5%
Magic:  13/13      EV:  9    Int:  7    God:    Trog [*****.]
Gold:   1215       SH: 10    Dex: 10    Spells: 12/12 levels left

rFire    + . .     SeeInvis .   p - +0 broad axe (flame)
rCold    + . .     Faith    .   c - +0 buckler {rC+ rF+}
rNeg     . . .     Spirit   .   O - +2 chain mail {rPois}
rPois    +         Reflect  +   (no helmet)
rElec    .         Harm     .   C - +2 cloak
rCorr    .                      (no gloves)
MR       .....                  f - +0 pair of boots
Stlth    ..........             E - amulet of reflection
HPRegen  0.30/turn              (no ring)
MPRegen  0.13/turn              (no ring)

@: berserk cooldown, very slightly contaminated, slowed, very slow
A: no striking features
a: Berserk, Trog's Hand, Brothers in Arms, Renounce Religion, Convert to Beogh


You were on level 2 of the Orcish Mines.
You worshipped Trog.
Trog was extremely pleased with you.
You visited 3 branches of the dungeon, and saw 12 of its levels.
You also visited: Sewer.

You collected 1215 gold pieces.

Inventory:

Hand Weapons
 a - a +0 hand axe
 k - a +0 war axe
   (You took it off an orc on level 8 of the Dungeon)
 p - a +0 broad axe of flaming (weapon)
   (Trog gifted it to you on level 9 of the Dungeon)
 A - the +5 flail "Ytoivy" {flame, rC- Int+5}
   (You found it on level 6 of the Dungeon)

   It has been specially enchanted to burn those struck by it, causing extra
   injury to most foes and up to half again as much damage against particularly
   susceptible opponents.
   It affects your intelligence (+5).
   It makes you vulnerable to cold.
 D - the +0 whip of the Dead {vorpal, +Inv rC+ Str+4 Dex-3}
   (You found it on level 7 of the Dungeon)

   It inflicts extra damage upon your enemies.
   It affects your strength (+4).
   It affects your dexterity (-3).
   It protects you from cold.
   It lets you turn invisible.
 Q - a +4 broad axe
   (Trog gifted it to you on level 1 of the Orcish Mines)
Missiles
 r - 2 throwing nets (quivered) {!f}
Armour
 b - a +0 animal skin
 c - a +0 buckler of resistance (worn)
   (You found it on level 1 of the Dungeon)
 f - a +0 pair of boots (worn)
   (You found it on level 1 of the Dungeon)
 j - a scarf of harm
   (You found it on level 2 of the Dungeon)
 l - a +2 ring mail of fire resistance
   (You found it on level 2 of the Dungeon)
 C - a +2 cloak (worn)
   (You found it on level 7 of the Dungeon)
 O - a +2 chain mail of poison resistance (worn)
   (You took it off an orc warlord on level 9 of the Dungeon)
Jewellery
 h - an uncursed amulet of guardian spirit
   (You found it on level 2 of the Dungeon)
 E - an amulet of reflection (around neck)
   (You found it on level 7 of the Dungeon)
 N - an uncursed amulet of the acrobat {unknown}
   (You found it on level 9 of the Dungeon)
Wands
 d - a wand of iceblast (8)
   (You found it on level 8 of the Dungeon)
 t - a wand of flame (34)
   (You found it on level 8 of the Dungeon)
 u - a wand of paralysis (7)
   (You found it on level 7 of the Dungeon)
 v - a wand of digging (9)
   (You found it on level 6 of the Dungeon)
 x - a wand of acid (8)
   (You found it on level 3 of the Dungeon)
 K - a wand of polymorph (16)
   (You found it on level 4 of the Dungeon)
 R - a wand of enslavement (6)
   (You took it off Maurice on level 2 of the Orcish Mines)
Scrolls
 e - a scroll of blinking
 i - 3 scrolls of immolation {unknown}
 m - a scroll of enchant armour {unknown}
 w - 2 scrolls of random uselessness {unknown}
 y - a scroll of enchant weapon {unknown}
 B - 2 scrolls of summoning {unknown}
 F - a scroll of fog {unknown}
 G - 2 scrolls of remove curse {@r2}
 J - 2 scrolls of teleportation {unknown}
Potions
 g - 3 potions of heal wounds {@q2}
 n - 3 potions of might
 o - a potion of stabbing {unknown}
 q - 4 potions of flight
 s - a potion of brilliance {unknown}
 z - 2 potions of lignification {!q}
 H - a potion of cancellation
 I - a potion of mutation {!q}
 L - 9 potions of curing {@q1}
 M - a potion of degeneration {unknown}
 P - a potion of ambrosia {unknown}


   Skills:
 + Level 14.9 Fighting
 - Level 14.0 Axes
 + Level 13.7 Armour
 - Level 1.5 Dodging
 - Level 5.0 Shields


You had 12 spell levels left.
You didn't know any spells.
Your spell library was empty.

Dungeon Overview and Level Annotations

Branches:
Dungeon (9/15)             Temple (1/1) D:4             Orc (2/2) D:9
  Sewer (visited)
   Lair: D:8-11         Elf: Orc:2

Altars:
Makhleb
Ru
Trog
Vehumet
Yredelemnul

Shops:
Orc:1 *   Orc:2 (=[*

Annotations:
D:7 1 runed translucent door, Crazy Yiuf


Message History

You hit the orc warlord. You burn the orc warlord.
You barely miss the orc warlord.
The orc knight roars a battlecry!
The orc warlord goes into a battle-frenzy!
The orc warlord hits you but does no damage.
You slash the orc warlord! You burn the orc warlord.
You closely miss the orc warlord. You slash the orc knight!
You burn the orc knight.
The orc warlord hits you with a +0 battleaxe!
* * * LOW HITPOINT WARNING * * *
You slice the orc warlord!! You burn the orc warlord. You slash the orc knight!
You burn the orc knight.
You are no longer berserk.
You are exhausted.
You feel yourself slow down.
The orc knight hits you with a +0 great mace!!
* * * LOW HITPOINT WARNING * * *
You slice the orc warlord!! You burn the orc warlord.
You kill the orc warlord!
Trog accepts your kill.
You have reached level 13!
You barely miss the orc knight.
The orc knight hits you but does no damage.
You completely miss the orc knight.
The orc knight hits you with a +0 great mace!
* * * LOW HITPOINT WARNING * * *
Okay, then.
You are very lightly contaminated with residual magic.
As you read the scroll of blinking, it crumbles to dust.
The orc knight no longer looks unusually strong.
Found 25 gold pieces.
There is a stone staircase leading up here.
Your deep troll goes berserk!
The orc knight hits you with a +0 great mace!
* * * LOW HITPOINT WARNING * * *
Your deep troll bites the orc knight but does no damage.
Your deep troll claws the orc knight! x2; The orc knight barely misses you.
Your deep troll bites the orc knight.
Your deep troll barely misses the orc knight.
Your deep troll claws the orc knight!!
The orc knight dies!
Trog accepts your kill.
You hear a shout!
An orc high priest comes into view. It is wielding a +0 long sword.
The orc high priest shouts!
The orc high priest shouts, "Join the one true god or die!"
You swap places.
The orc high priest mumbles some strange prayers to Beogh against you.
Pain shoots through your body!
You die...

...#.............#.....#...(.$(.(
..#.)........#...........o.##.#..
..........#.#.........##)###.....
...).....#.#...........##.###....
..)))......................####..
................#.#.........# ##.
...................#........# #.
..#........................#. #.
.###.#.)#.......@......#..###.
###.............T.........# .. #
##.......................
###........................
.#....)................$...
....................o....#
.....<............#......
##.......).....#.....#..
###..#................


You could see an orc high priest and a friendly deep troll (summoned, berserk).

Vanquished Creatures
  Jorgrun (Orc:1)
  2 orc warlords
  A stone giant (Orc:2)
  Snorg (Orc:1)
  Harold (D:9)
  A two-headed ogre (D:9)
  An orc high priest (Orc:2)
  3 orc knights
  5 orc sorcerers
  A cyclops (D:8)
  Maurice (Orc:2)
  A polar bear (shapeshifter) (D:8)
  A troll (Orc:1)
  3 hippogriffs
  Sigmund (D:2)
  2 wraiths
  3 yaks (D:9)
  2 shadows (D:9)
  Menkaure (D:5)
  8 wargs
  27 orc warriors
  4 ice beasts
  2 sky beasts (D:8)
  9 ogres
  3 phantoms
  3 necrophages (D:9)
  A big kobold (Sewer)
  A gnoll sergeant (D:9)
  3 bullfrogs
  A wyvern zombie (D:7)
  2 scorpions (D:8)
  6 wights
  4 howler monkeys
  A bullfrog zombie (D:9)
  3 centaur zombies
  2 quasits
  14 orc wizards
  A bullfrog skeleton (D:7)
  3 hounds
  4 jellies
  13 orc priests
  An iguana (D:7)
  13 worker ants
  2 killer bee zombies
  6 ogre zombies (D:9)
  A hound skeleton (D:7)
  A mummy (D:9)
  A worker ant zombie (D:7)
  12 adders
  6 gnolls
  A howler monkey skeleton (D:7)
  8 river rats
  3 shadow imps
  3 white imps
  An ufetubus (D:5)
  2 oozes (D:4)
  2 adder zombies
  An adder skeleton (D:5)
  6 worms
  4 dart slugs
  7 leopard geckos
  58 orcs
  4 giant cockroaches
  7 goblins
  10 hobgoblins
  15 jackals
  20 kobolds
  4 quokkas
  9 ball pythons
  12 bats
  2 frilled lizards (D:1)
  A goblin skeleton (D:9)
  2 goblin zombies (D:9)
  A hobgoblin zombie (D:9)
  2 jackal zombies
  6 orc skeletons (D:9)
  9 orc zombies (D:9)
  23 rats
  2 fungi (Orc:2)
  A withered plant (D:9)
416 creatures vanquished.

Vanquished Creatures (collateral kills)
  An orc knight (Orc:2)
1 creature vanquished.

Vanquished Creatures (others)
  12 fungi (Orc:2)
12 creatures vanquished.

Grand Total: 429 creatures vanquished

Notes
Turn   | Place    | Note
-------+----------+-------------------------------------------
     0 | D:1      | Apogee the Hill Orc Berserker began the quest for the Orb.
     0 | D:1      | Reached XP level 1. HP: 19/19 MP: 1/1
   155 | D:1      | Reached XP level 2. HP: 5/27 MP: 2/2
   432 | D:1      | You fall into a shaft and drop 1 floor!
   432 | D:2      | Found a basalt altar of Yredelemnul.
   764 | D:1      | Reached XP level 3. HP: 33/33 MP: 3/3
  1022 | D:1      | Reached skill level 5 in Axes
  1118 | D:1      | Reached ** piety under Trog
  1829 | D:2      | Reached XP level 4. HP: 24/40 MP: 2/4
  2012 | D:2      | Reached skill level 1 in Shields
  2291 | D:2      | Noticed Sigmund
  2298 | D:2      | Killed Sigmund
  2298 | D:2      | Reached XP level 5. HP: 47/47 MP: 5/5
  2298 | D:2      | Reached XP level 6. HP: 53/53 MP: 6/6
  2840 | D:3      | Reached *** piety under Trog
  3173 | D:3      | Found a glowing drain.
  3177 | Sewer    | Entered a sewer
  3390 | Sewer    | Reached skill level 5 in Fighting
  3477 | Sewer    | Reached XP level 7. HP: 34/61 MP: 3/7
  3868 | Sewer    | Reached **** piety under Trog
  5002 | D:4      | Found a staircase to the Ecumenical Temple.
  5987 | Temple   | Entered the Ecumenical Temple
  6011 | D:5      | Entered Level 5 of the Dungeon
  6061 | D:5      | Reached skill level 5 in Shields
  6061 | D:5      | Reached XP level 8. HP: 66/69 MP: 8/8
  6315 | D:5      | Noticed Menkaure
  6343 | D:5      | Killed Menkaure
  6343 | D:5      | Reached skill level 5 in Armour
  7309 | D:6      | Got an ichor-stained flail
  7310 | D:6      | Identified the +5 flail "Ytoivy" {flame, rC- Int+5} (You
                  | found it on level 6 of the Dungeon)
  7710 | D:6      | Reached XP level 9. HP: 79/79 MP: 9/9
  8128 | D:6      | Found a radiant altar of Vehumet.
  8128 | D:6      | Found a sacrificial altar of Ru.
  8453 | D:7      | Reached skill level 10 in Axes
  8461 | D:7      | Got a warped whip
  8462 | D:7      | Identified the cursed +0 whip of the Dead {vorpal, +Inv rC+
                  | Str+4 Dex-3} (You found it on level 7 of the Dungeon)
  8503 | D:7      | Reached ***** piety under Trog
  9239 | D:7      | Found a burning altar of Makhleb.
  9260 | D:7      | Found a runed translucent door.
  9261 | D:7      | Noticed Crazy Yiuf
 10356 | D:8      | Reached XP level 10. HP: 69/91 MP: 10/10
 11679 | D:8      | Found a runed translucent door.
 11680 | D:8      | Noticed a cyclops
 12032 | D:8      | Killed a cyclops
 12032 | D:8      | Reached skill level 10 in Fighting
 12310 | D:9      | Received a gift from Trog
 12585 | D:9      | Found a staircase to the Orcish Mines.
 12597 | D:9      | Noticed Harold
 12616 | D:9      | Killed Harold
 12616 | D:9      | Reached XP level 11. HP: 81/102 MP: 11/11
 12646 | D:9      | Reached skill level 10 in Armour
 12959 | D:9      | Found a radiant altar of Vehumet.
 13714 | Orc:1    | Entered Level 1 of the Orcish Mines
 13714 | Orc:1    | Noticed a two-headed ogre
 13714 | Orc:1    | Noticed an orc knight
 13714 | Orc:1    | Noticed an orc sorcerer
 13725 | D:9      | Killed an orc sorcerer
 13735 | D:9      | Killed an orc knight
 13960 | D:9      | Killed a two-headed ogre
 14131 | Orc:1    | Noticed Jorgrun
 14314 | Orc:1    | Killed Jorgrun
 14323 | Orc:1    | Noticed an orc warlord
 14649 | D:9      | Killed an orc warlord
 14649 | D:9      | Reached XP level 12. HP: 49/113 MP: 12/12
 14955 | Orc:1    | Found Atik's General Store.
 15026 | Orc:1    | Paralysed by an orc sorcerer for 6 turns
 15038 | Orc:1    | Reached ****** piety under Trog
 15040 | Orc:1    | Received a gift from Trog
 15574 | Orc:1    | Found a bloodstained altar of Trog.
 15713 | Orc:2    | Entered Level 2 of the Orcish Mines
 16096 | Orc:2    | Noticed a sun demon
 16101 | Orc:2    | Found Ytuymon's Antique Armour Shop.
 16189 | Orc:2    | Found Duutsenu's Jewellery Shoppe.
 16189 | Orc:2    | Paralysed by an orc sorcerer for 6 turns
 16190 | Orc:2    | Noticed an orc high priest
 16193 | Orc:2    | Noticed Maurice
 16263 | Orc:2    | Paralysed by an orc sorcerer for 4 turns
 16272 | Orc:2    | Killed Maurice
 16273 | Orc:2    | Paralysed by an orc sorcerer for 2 turns
 16285 | Orc:2    | Killed an orc high priest
 16626 | Orc:2    | Noticed a stone giant
 16629 | Orc:1    | Noticed Snorg
 16640 | Orc:1    | Killed Snorg
 16858 | Orc:2    | Killed a stone giant
 17525 | Orc:2    | Found Rolo's Antique Weapon Shoppe.
 17586 | Orc:2    | Noticed an orc warlord
 17589 | Orc:2    | Found Xavant's General Store.
 17609 | Orc:2    | Killed an orc warlord
 17609 | Orc:2    | Reached XP level 13. HP: 34/125 MP: 13/13
 17627 | Orc:2    | Killed from afar by an orc high priest

Illustrated notes

Levels and vault maps discovered:
D:1:      dpeg_arrival_castle, layout_loops_ring, serial_park_tiny_2
D:2:      layout_basic, overflow_temple_1_default, uniq_sigmund
D:3:      layout_basic, gup_sewer_entry_spiral
D:4:      layout_layer_cave, minmay_temple_entry_statues
D:5:      layout_gridville, uniq_menkaure
D:6:      layout_basic, amethyst_overflow_temple_binary, grunt_ministairs_2
D:7:      minmay_the_grid_octo_tiled_squarecenter
          [minmay_the_grid_octo_fat_diamond, minmay_the_grid_octo_horde,
          minmay_the_grid_octo_chip, minmay_the_grid_octo_empty,
          minmay_the_grid_square_5x5_megaprize_diamond,
          minmay_the_grid_square_5x5_dogpile,
          minmay_the_grid_square_5x5_minivault, minmay_the_grid_square_5x5_z,
          minmay_the_grid_square_5x5_hourglass], layout_basic,
          kennysheep_mini_moat, uniq_crazy_yiuf_cottage
D:8:      layout_gridville, wad_hexagon
D:9:      layout_small_grid, zombieorc1_lemuel, serial_undead, serial_undead_a,
          serial_undead_f, serial_undead_d, serial_undead_f,
          vehumet_altar_wand_db, uniq_harold
Temple:   compressed_dpeg_circular_temple
Orc:1:    layout_caves, serial_shops, nicolae_shop_trees, basic_altar,
          uniq_snorg, uniq_jorgrun
Orc:2:    grunt_orc_gardens, layout_caves, grunt_orc_garden, grunt_orc_garden,
          grunt_orc_garden, grunt_orc_garden, uniq_maurice

Skill      XL: |  1  2  3  4  5  6  7  8  9 10 11 12 |
---------------+-------------------------------------+-----
Fighting       | 4 5 7 9 11 12 14 | 14.9
Axes           | 5 6 7 9 11 12 14 | 14.0
Shields        | 2 3 5 |  5.0
Armour         | 3 4 6 8 9 11 13 | 13.7
Dodging        | |  1.5

Action                   |  1- 3 |  4- 6 |  7- 9 | 10-12 | 13-15 || total
-------------------------+-------+-------+-------+-------+-------++-------
Melee: Hand axe          |   109 |   232 |   399 |       |       ||   740
       Flail             |       |       |    91 |       |       ||    91
       Whip              |       |       |   309 |   142 |       ||   451
       Broad axe         |       |       |       |   435 |     1 ||   436
       War axe           |       |       |       |    35 |       ||    35
Invok: Berserk           |     1 |     1 |     3 |    13 |       ||    18
       Brothers in Arms  |       |       |       |       |     1 ||     1
Evoke: Wand              |       |       |       |     1 |       ||     1
  Use: Scroll            |     2 |       |     1 |    11 |     1 ||    15
       Potion            |       |       |       |     2 |       ||     2
 Stab: Sleeping          |     1 |       |       |       |       ||     1
Armor: Animal skin       |    34 |    18 |       |       |       ||    52
       Ring mail         |       |    73 |   296 |   112 |       ||   481
       Chain mail        |       |       |       |    97 |     1 ||    98
Dodge: Dodged            |    58 |   111 |   331 |   187 |     1 ||   688
Block: Buckler           |    10 |    48 |   181 |   246 |       ||   485
       Reflection        |       |       |       |     3 |       ||     3

Table legend: (Time is in decaauts)
 A = Elapsed time spent in this place.
 B = Non-inter-level travel time spent in this place.
 C = Inter-level travel time spent in this place.
 D = Time resting spent in this place.
 E = Time spent auto-exploring this place.
 F = Levels seen in this place.
 G = Mean time per level.
                   A        B        C        D        E       F      G
               +--------+--------+--------+--------+--------+-----+--------+
         Total |  17732 |  17326 |    406 |   4362 |   9856 |  13 | 1364.0 |
       Dungeon |  13963 |  13582 |    381 |   2543 |   8719 |   9 | 1551.4 |
        Temple |      1 |      1 |      0 |      0 |      0 |   1 |    1.0 |
  Orcish Mines |   2767 |   2742 |     25 |   1611 |    609 |   2 | 1383.5 |
         Sewer |   1000 |   1000 |      0 |    207 |    528 |   1 | 1000.0 |
               +--------+--------+--------+--------+--------+-----+--------+

Top non-repeatable levels by time:
     D:9: 2655 daAuts
     D:8: 2463 daAuts
   Orc:1: 1750 daAuts
     D:7: 1578 daAuts
     D:4: 1499 daAuts
     D:2: 1381 daAuts
     D:1: 1204 daAuts
     D:6: 1155 daAuts
     D:5: 1038 daAuts
   Orc:2: 1016 daAuts
   Sewer: 1000 daAuts
     D:3: 986 daAuts
  Temple: 1 daAuts
